Unix NetHack Version 5.0.0-0 post-release - last build May 31 2026 23:59:36 (970b52f25bf058293b47ddfd14a1e40e571c508c,branch:main).

Game began 2026-06-08 10:39:41, ended 2026-06-08 11:05:23.

Drastanta, neutral male human Barbarian

               -------------------------------------------
              --.--...................?.@[..[.)..).....**-----------
     ----     |......-----------#-------o----#----------...........|
   ---..      |......|..................o..............#......---- |
  --...-      |......| ------------- -------.---------.|......|
  |....|      ---....|             |.   ...|.        | |.----.|
  --...|        ----.|             +.  ._..|           |.|-.. |
  |...<---         |.|             |.  ....            |.|..-
  |.--...|         |.|             -.  ....      --+-  |...-
  |.|....---       |*|             0. -...--      ...  |.---
 --.|......-----   |.|              { ......        .. |*|
 |.............----|.|              . .....          . |.|
 |.|...----........|.| |            .0....-          -.|.|
 |.|...| --....---...|.|            ......|          |.#.|
 |.|.--- |......[.|..#.|            .......          |.|.|
 |...|..........).|..|.|            ......           | |.|
 |..-|........--.---.| -            .....              |.|
 |..|---......|--- |.|              0..                |.|
 ----  --------    |.----------------#------------------.|
                   |.....*..................**..........0|
                   --------------------------------------
Drastanta the Bandit       St:17 Dx:18 Co:18 In:8 Wi:8 Ch:6  Neutral
Dlvl:8  $:61 HP:0(75) Pw:17(17) AC:5  Xp:7 T:3868  Burdened

Latest messages:
 The dog is still eating.
 You fall down the stairs.
 You see here 29 rocks.
 You see here 29 rocks.
 You see here 29 rocks.
 What do you want to use or apply? [bfp-suHJLO or ?*] ?
 You now wield a pick-axe.
 In what direction do you want to dig? [789321>] 2
 You start digging.
 You hit the rock with all your might.
 You make an opening in the wall.
 What do you want to wield? [- abnKO or ?*] a
 a - a +0 two-handed sword (weapon in hands).
 The orc-captain hits!
 The orc-captain hits again!
 You smite the orc-captain!
 The orc-captain hits!
 The orc-captain hits again!
 You smite the orc-captain!
 The orc-captain hits!
 The orc-captain hits again!
 You smite the orc-captain!
 You kill the orc-captain!
 Aakhu of Aunog picks up an elven spear.
 You smite Aakhu of Aunog!
 You kill Aakhu of Aunog!
 Aigoraiul of Aunog picks up an orcish helm.
 You smite the paper golem!
 The paper golem hits!
 Aigoraiul of Aunog hits!
 You kill Aigoraiul of Aunog!
 The paper golem hits!
 You destroy the paper golem!
 Auna of Aunog picks up a pear.
 You smite Auna of Aunog.
 Auna of Aunog swings his orcish bow.
 Auna of Aunog hits!
 You smite Auna of Aunog!
 You kill Auna of Aunog!
 The orc-captain picks up an orcish helm.
 You already found a monster.  Use 'm' prefix to force another search.
 You smite the orc-captain.
 You smite the orc-captain!
 The orc-captain thrusts his orcish short sword.
 The orc-captain hits!
 The orc-captain thrusts his orcish short sword.
 The orc-captain hits again!
 You die...
 Do you want your possessions identified? [ynq] (y) y
 Do you want to see your attributes? [ynq] (y) q

Inventory:
 Coins    ('$')
  $ - 61 gold pieces
 Amulets  ('"')
  v - a cursed amulet of restful sleep
 Weapons  (')')
  K - a +0 aklys
  b - a blessed +0 axe (alternate weapon; not wielded)
  n - a blessed +1 long sword
  a - a +0 two-handed sword (weapon in hands)
 Armor    ('[')
  I - an uncursed +0 dwarvish iron helm
  y - an uncursed +1 orcish helm (being worn)
  C - an uncursed +0 pair of iron shoes
  E - an uncursed +0 pair of iron shoes
  D - a blessed +0 dwarvish cloak
  c - a blessed +0 ring mail (being worn)
 Comestibles  ('%')
  p - an uncursed eucalyptus leaf
 Scrolls  ('?')
  N - an uncursed scroll of destroy armor
  l - 2 uncursed scrolls of identify
  j - an uncursed scroll of light
  m - an uncursed scroll of magic mapping
  o - an uncursed scroll of taming
 Potions  ('!')
  g - an uncursed potion of extra healing
  h - an uncursed potion of gain ability
  e - 2 uncursed potions of healing
 Rings    ('=')
  i - an uncursed +1 ring of protection
  G - an uncursed ring of protection from shape changers
  z - an uncursed ring of warning
 Wands    ('/')
  f - a wand of magic missile (0:4)
  J - a blessed wand of striking (0:2)
  H - a wand of striking (0:0)
 Tools    ('(')
  q - an empty uncursed oilskin sack
  s - an uncursed blindfold
  u - an uncursed lock pick
  r - an uncursed magic whistle
  O - a +0 pick-axe
  L - an uncursed towel

Drastanta the Barbarian's attributes:

Background:
 You were a Bandit, a level 7 male human Barbarian.
 You were neutral, on a mission for Crom
 who was opposed by Mitra (lawful) and Set (chaotic).
 You were right-handed.
 You were in the Gnomish Mines, on level 8.
 You entered the dungeon 3868 turns ago.
 You had 875 experience points, 405 more were needed to attain level 8.

Basics:
 You had 0 out of 75 hit points.
 You had all 17 energy points (spell power).
 Your armor class was 5.
 Your wallet contained 61 zorkmids.
 Autopickup was on for '$' plus thrown.

Final Characteristics:
 Your strength was 17 (limit:18/100).
 Your dexterity was 18 (limit:18).
 Your constitution was 18 (limit:18).
 Your intelligence was 8 (limit:18).
 Your wisdom was 8 (limit:18).
 Your charisma was 6 (limit:18).

Final Status:
 You weren't hungry.
 You were burdened; movement was slightly slowed.
 You were wielding a two-handed sword.
 You were skilled in two-handed sword.

Final Attributes:
 You were piously aligned.
 You were poison resistant.
 You were warded.
 You were fast.
 You are dead.

Miscellaneous:
 You didn't encounter any bones levels.
 Total elapsed playing time was 25 minutes and 42 seconds.

Major events:
 Turn
    1: Drastanta the neutral male human Barbarian entered the dungeon
  902: attained the rank of Pillager (level 3)
 1566: entered the Gnomish Mines
 2121: attained the rank of Bandit (level 6)
 2415: reached Mine Town
 3868: killed by an orc-captain

You didn't know any spells.

Skills:
 Fighting Skills
   bare handed combat [Basic]
   two weapon combat  [Unskilled]
   riding             [Unskilled]
 Weapon Skills
   dagger             [Unskilled]
   axe                [Basic]
   pick-axe           [Unskilled]
   short sword        [Unskilled]
   broadsword         [Unskilled]
   long sword         [Unskilled]
   two-handed sword   [Skilled]
   saber              [Unskilled]
   club               [Unskilled]
   mace               [Unskilled]
   morning star       [Unskilled]
   flail              [Unskilled]
   hammer             [Unskilled]
   quarterstaff       [Unskilled]
   spear              [Unskilled]
   trident            [Unskilled]
   bow                [Unskilled]
 Spellcasting Skills
   attack spells      [Unskilled]
   escape spells      [Unskilled]

Voluntary challenges:
 Character rerolling was not enabled.
 You never genocided any monsters.
 You never polymorphed an object.
 You never changed form.
 You used no wishes.
Achievements:
 You entered a shop.
 You attained the rank of Pillager.
 You entered the Gnomish Mines.
 You attained the rank of Bandit.
 You entered Minetown.

 The Dungeons of Doom: levels 1 to 5
    Level 1:
    Level 2:
       A tool shop, an altar, a fountain.
    Level 3:
       A fountain.
    Level 4:
       A fountain.
       Stairs down to The Gnomish Mines.
    Level 5:
 The Gnomish Mines: levels 5 to 8
    Level 5:
    Level 6:
    Level 7:
    Level 8: <- You were here.
       An altar, a fountain.
       Final resting place for
          you, killed by an orc-captain.


Vanquished creatures:
  a giant beetle
 an orc-captain
  2 lizards
  a dwarf leader
  a dust vortex
  a plains centaur
  2 human zombies
  2 Uruk-hai
  a pony
  a fog cloud
  4 gnome leaders
  a gnomish wizard
  a paper golem
  a giant ant
  2 little dogs
  7 dwarves
  4 hill orcs
 an orc zombie
 an iguana
  a coyote
  a hobbit
  2 giant rats
  2 cave spiders
  a yellow mold
 26 gnomes
  3 geckos
  3 jackals
  3 foxes
  a kobold
  3 goblins
 10 grid bugs
  a bat
  3 lichens
  6 newts
101 creatures vanquished.

No species were genocided or became extinct.

Game over:
                       ----------
                      /          \
                     /    REST    \
                    /      IN      \
                   /     PEACE      \
                  /                  \
                  |    Drastanta     |
                  |      61 Au       |
                  |   killed by an   |
                  |   orc-captain    |
                  |                  |
                  |                  |
                  |       2026       |
                 *|     *  *  *      | *
        _________)/\\_//(\/(/\)/\//\/|_)_______

Goodbye Drastanta the Barbarian...

You died in The Gnomish Mines on dungeon level 8 with 3905 points,
and 61 pieces of gold, after 3868 moves.
You were level 7 with a maximum of 75 hit points when you died.

